[ AOE2 MATCH · #507377031 ]
UnrankedHindustanis vs Spanish
Rival team · LOSS
[ REPLAY ANALYSIS · EXTRACTED FROM THE RECORDED GAME ]
Feudal
9:33
Castle
21:19
Imperial
—
| APM avg | 78.1 |
| APM peak | 134 |
| eAPM avg | 32.3 |
| Villagers / military | 93 / 82 |
Focus
⚔️ 37.7% · 🌾 62.3%
Archer ×46 · Militia ×16 · Ghulam ×15 · Mangonel ×3 · Monk ×2
Feudal
10:39
Castle
15:13
Imperial
—
| APM avg | 37.7 |
| APM peak | 72 |
| eAPM avg | 15.0 |
| Villagers / military | 40 / 45 |
Focus
⚔️ 26.4% · 🌾 73.6%
Conquistador ×41 · Mangonel ×4
Match map
Initial resources + every placement click. Lines = walls · curves = elevation contours. ◆ gold · ⬟ stone · ● berries · ✦ relic · ◌ wall gap
Your base· ✓ Closed at 21:19 · 0t walls · 4 gate(s)
ryocallan's base· ✓ Closed at 15:13 · 5t walls · 4 gate(s)
Smoothed initial terrain · ◌ = detected wall gap · hover for details
Inputs per minute
— Im_16Years_Old_IamCaPte - - ryocallan
Build order — Im_16Years_Old_IamCaPte
First 150 of 262 actions detected
| 0:00 | Queue | Villager (Male) |
| 0:01 | Queue | Villager (Male) |
| 0:01 | Queue | Villager (Male) |
| 0:01 | Queue | Villager (Male) |
| 0:02 | Build | House |
| 0:02 | Build | House |
| 1:09 | Queue | Villager (Male) |
| 1:47 | Queue | Villager (Male) |
| 1:48 | Queue | Villager (Male) |
| 1:48 | Queue | Villager (Male) |
| 1:53 | Queue | Villager (Male) |
| 1:53 | Queue | Villager (Male) |
| 1:53 | Queue | Villager (Male) |
| 2:00 | Build | Lumber Camp |
| 2:11 | Build | House |
| 2:16 | Queue | Villager (Male) |
| 2:57 | Queue | Villager (Male) |
| 2:57 | Queue | Villager (Male) |
| 3:15 | Queue | Villager (Male) |
| 4:08 | Queue | Villager (Male) |
| 4:08 | Queue | Villager (Male) |
| 4:08 | Queue | Villager (Male) |
| 4:09 | Queue | Villager (Male) |
| 4:09 | Queue | Villager (Male) |
| 4:11 | Build | House |
| 4:20 | Queue | Villager (Male) |
| 4:56 | Queue | Villager (Male) |
| 5:43 | Queue | Villager (Male) |
| 5:43 | Queue | Villager (Male) |
| 5:43 | Queue | Villager (Male) |
| 6:03 | Build | Barracks |
| 6:05 | Queue | Villager (Male) |
| 6:20 | Build | Mining Camp |
| 6:34 | Research | Loom |
| 7:06 | Queue | Villager (Male) |
| 7:23 | Research | Feudal Age |
| 7:23 | Research | Feudal Age |
| 7:23 | Research | Feudal Age |
| 7:35 | Build | Mining Camp |
| 7:40 | Queue | Militia |
| 7:40 | Queue | Militia |
| 7:41 | Queue | Militia |
| 8:14 | Queue | Militia |
| 8:14 | Queue | Militia |
| 8:34 | Build | Palisade Gate |
| 8:40 | Build | House |
| 8:47 | Queue | Militia |
| 9:14 | Build | House |
| 9:33 | Age | Feudal Age |
| 9:36 | Build | Watch Tower |
| 9:39 | Research | Man-at-Arms (upgrade) |
| 9:41 | Queue | Villager (Male) |
| 9:41 | Queue | Villager (Male) |
| 9:57 | Queue | Villager (Male) |
| 10:05 | Build | Mill |
| 10:53 | Queue | Militia |
| 11:08 | Build | Watch Tower |
| 11:21 | Queue | Militia |
| 11:39 | Queue | Militia |
| 12:00 | Queue | Militia |
| 12:03 | Build | Archery Range |
| 12:11 | Queue | Villager (Male) |
| 12:11 | Queue | Villager (Male) |
| 12:11 | Queue | Villager (Male) |
| 12:19 | Build | House |
| 12:24 | Build | House |
| 12:33 | Queue | Militia |
| 12:34 | Queue | Villager (Male) |
| 12:45 | Queue | Villager (Male) |
| 13:00 | Queue | Archer |
| 13:04 | Queue | Militia |
| 13:04 | Queue | Militia |
| 13:04 | Queue | Militia |
| 13:20 | Queue | Villager (Male) |
| 13:22 | Build | Farm |
| 13:22 | Build | Farm |
| 13:25 | Build | Farm |
| 13:33 | Queue | Archer |
| 13:50 | Queue | Villager (Male) |
| 13:51 | Queue | Villager (Male) |
| 14:11 | Build | Watch Tower |
| 14:13 | Queue | Villager (Male) |
| 14:13 | Queue | Villager (Male) |
| 14:13 | Queue | Villager (Male) |
| 14:14 | Queue | Villager (Male) |
| 14:36 | Queue | Villager (Male) |
| 14:36 | Queue | Villager (Male) |
| 14:38 | Build | Farm |
| 14:38 | Build | Farm |
| 14:39 | Build | Farm |
| 14:46 | Build | Farm |
| 14:58 | Research | Town Watch |
| 15:10 | Queue | Villager (Male) |
| 15:12 | Build | Farm |
| 15:13 | Build | Farm |
| 15:24 | Build | Watch Tower |
| 15:29 | Queue | Archer |
| 15:34 | Queue | Villager (Male) |
| 16:14 | Queue | Villager (Male) |
| 16:15 | Queue | Villager (Male) |
| 16:51 | Build | Watch Tower |
| 17:12 | Queue | Villager (Male) |
| 17:12 | Queue | Villager (Male) |
| 17:16 | Build | Market |
| 17:25 | Build | Watch Tower |
| 17:46 | Queue | Villager (Male) |
| 18:36 | Queue | Archer |
| 18:36 | Queue | Archer |
| 18:39 | Research | Castle Age |
| 18:40 | Research | Castle Age |
| 18:57 | Build | House |
| 19:08 | Build | House |
| 19:10 | Queue | Villager (Male) |
| 19:12 | Build | Blacksmith |
| 19:14 | Build | House |
| 19:36 | Build | Watch Tower |
| 20:04 | Queue | Archer |
| 20:33 | Build | Archery Range |
| 20:33 | Build | Archery Range |
| 20:50 | Research | Fletching |
| 21:02 | Build | Watch Tower |
| 21:11 | Build | House |
| 21:19 | Age | Castle Age |
| 21:23 | Research | Bodkin Arrow |
| 21:59 | Queue | Villager (Male) |
| 22:05 | Queue | Villager (Male) |
| 22:07 | Build | Town Center |
| 22:18 | Queue | Villager (Male) |
| 22:35 | Build | Archery Range |
| 22:54 | Queue | Villager (Male) |
| 23:04 | Research | Crossbowman (upgrade) |
| 23:05 | Queue | Villager (Male) |
| 23:05 | Build | Farm |
| 23:05 | Build | Farm |
| 23:05 | Build | Farm |
| 23:29 | Queue | Archer |
| 23:29 | Queue | Archer |
| 23:29 | Queue | Archer |
| 23:34 | Build | Mining Camp |
| 23:46 | Queue | Archer |
| 23:46 | Queue | Archer |
| 23:47 | Queue | Archer |
| 23:47 | Queue | Archer |
| 23:53 | Research | Padded Archer Armor |
| 24:20 | Build | House |
| 24:22 | Queue | Archer |
| 24:23 | Queue | Archer |
| 24:42 | Queue | Archer |
| 24:42 | Queue | Archer |
| 25:25 | Queue | Villager (Male) |
Build order — ryocallan
123 actions detected in the replay
| 0:01 | Queue | Villager (Male) |
| 0:01 | Queue | Villager (Male) |
| 0:02 | Build | House |
| 0:03 | Build | House |
| 0:17 | Build | House |
| 0:23 | Queue | Villager (Male) |
| 0:30 | Queue | Villager (Male) |
| 1:32 | Queue | Villager (Male) |
| 2:03 | Queue | Villager (Male) |
| 2:24 | Build | Lumber Camp |
| 2:30 | Queue | Villager (Male) |
| 2:31 | Queue | Villager (Male) |
| 2:33 | Queue | Villager (Male) |
| 2:33 | Queue | Villager (Male) |
| 3:18 | Queue | Villager (Male) |
| 3:18 | Queue | Villager (Male) |
| 3:29 | Queue | Villager (Male) |
| 4:09 | Queue | Villager (Male) |
| 4:38 | Queue | Villager (Male) |
| 4:39 | Queue | Villager (Male) |
| 5:30 | Queue | Villager (Male) |
| 5:30 | Queue | Villager (Male) |
| 5:32 | Build | Mill |
| 5:44 | Queue | Villager (Male) |
| 6:37 | Queue | Villager (Male) |
| 6:42 | Queue | Villager (Male) |
| 6:46 | Build | House |
| 6:49 | Research | Loom |
| 7:05 | Queue | Villager (Male) |
| 7:18 | Queue | Villager (Male) |
| 7:19 | Queue | Villager (Male) |
| 7:45 | Build | Mining Camp |
| 8:08 | Research | Feudal Age |
| 10:20 | Build | Palisade Wall |
| 10:39 | Age | Feudal Age |
| 10:46 | Queue | Villager (Male) |
| 10:49 | Build | Market |
| 11:58 | Queue | Villager (Male) |
| 12:01 | Build | Blacksmith |
| 12:33 | Research | Castle Age |
| 13:40 | Build | Watch Tower |
| 14:21 | Build | Watch Tower |
| 15:13 | Age | Castle Age |
| 15:30 | Build | House |
| 16:54 | Build | Castle |
| 18:21 | Queue | Conquistador |
| 18:28 | Build | Farm |
| 18:33 | Build | Farm |
| 19:24 | Build | Farm |
| 19:30 | Queue | Conquistador |
| 20:00 | Build | Farm |
| 20:04 | Build | Farm |
| 20:09 | Queue | Conquistador |
| 20:25 | Queue | Villager (Male) |
| 20:45 | Build | Farm |
| 20:49 | Build | Farm |
| 20:55 | Queue | Conquistador |
| 20:55 | Queue | Conquistador |
| 21:15 | Build | Farm |
| 21:18 | Build | Farm |
| 22:02 | Queue | Conquistador |
| 22:02 | Queue | Conquistador |
| 22:05 | Queue | Villager (Male) |
| 22:10 | Build | Farm |
| 22:13 | Build | Farm |
| 22:24 | Queue | Villager (Male) |
| 22:39 | Build | Siege Workshop |
| 22:42 | Queue | Villager (Male) |
| 22:49 | Queue | Conquistador |
| 22:57 | Queue | Villager (Male) |
| 22:57 | Queue | Villager (Male) |
| 23:24 | Queue | Mangonel |
| 23:50 | Queue | Conquistador |
| 23:51 | Queue | Conquistador |
| 24:07 | Research | Padded Archer Armor |
| 24:31 | Queue | Conquistador |
| 25:29 | Queue | Conquistador |
| 25:31 | Queue | Villager (Male) |
| 25:48 | Queue | Mangonel |
| 26:44 | Queue | Conquistador |
| 26:58 | Queue | Mangonel |
| 27:02 | Queue | Conquistador |
| 27:02 | Queue | Conquistador |
| 27:16 | Queue | Conquistador |
| 27:20 | Build | House |
| 27:49 | Queue | Conquistador |
| 27:49 | Queue | Conquistador |
| 28:02 | Build | House |
| 28:28 | Queue | Conquistador |
| 28:37 | Queue | Villager (Male) |
| 28:38 | Queue | Villager (Male) |
| 28:47 | Build | Farm |
| 28:49 | Queue | Villager (Male) |
| 28:59 | Queue | Conquistador |
| 29:38 | Queue | Conquistador |
| 29:49 | Queue | Mangonel |
| 30:29 | Queue | Conquistador |
| 30:32 | Queue | Conquistador |
| 30:32 | Queue | Conquistador |
| 31:20 | Queue | Conquistador |
| 31:53 | Queue | Conquistador |
| 31:53 | Queue | Conquistador |
| 32:16 | Queue | Conquistador |
| 32:20 | Queue | Villager (Male) |
| 32:21 | Queue | Villager (Male) |
| 33:11 | Queue | Conquistador |
| 33:26 | Queue | Conquistador |
| 33:53 | Queue | Conquistador |
| 33:54 | Queue | Conquistador |
| 34:16 | Queue | Villager (Male) |
| 34:32 | Queue | Conquistador |
| 34:32 | Queue | Conquistador |
| 34:41 | Queue | Villager (Male) |
| 34:48 | Build | Farm |
| 34:49 | Build | Farm |
| 34:54 | Queue | Conquistador |
| 34:54 | Queue | Conquistador |
| 35:35 | Queue | Conquistador |
| 35:35 | Queue | Conquistador |
| 35:44 | Queue | Conquistador |
| 35:44 | Queue | Conquistador |
| 36:03 | Queue | Conquistador |
| 36:28 | Build | Mining Camp |
Match timeline
| 6:03 | Im_16Years_Old_IamCaPte · first_building Barracks |
| 9:33 | Im_16Years_Old_IamCaPte · age_up feudal |
| 10:20 | ryocallan · wall_segment Palisade Wall x5 |
| 10:39 | ryocallan · age_up feudal |
| 12:03 | Im_16Years_Old_IamCaPte · first_building Archery Range |
| 13:49 | ryocallan · first_market_buy 100 stone |
| 15:02 | ryocallan · first_market_sell 100 wood |
| 15:13 | ryocallan · age_up castle |
| 16:54 | ryocallan · first_building Castle |
| 18:06 | Im_16Years_Old_IamCaPte · first_market_buy 100 food |
| 18:09 | Im_16Years_Old_IamCaPte · first_market_sell 100 wood |
| 21:19 | Im_16Years_Old_IamCaPte · age_up castle |
| 22:39 | ryocallan · first_building Siege Workshop |
| 25:29 | Im_16Years_Old_IamCaPte · first_building Siege Workshop |
| 26:54 | Im_16Years_Old_IamCaPte · first_building Monastery |
| 28:46 | Im_16Years_Old_IamCaPte · first_building Castle |
| 36:44 | ryocallan · resign |
[ AI ANALYSIS · 1 CREDIT ]
What really happened in this match?
Wolo.gg analyzes every decision: build order, eco, micro, common mistakes by bracket. Personalized analysis on WhatsApp or Discord in 30 seconds.
Civ guide
Hindustanis
Perfil
Jugador #25672067